 Dungeon Crawl Stone Soup version 0.22-a0-580-gd5db89c (webtiles) character file.

70 wellist the Skirmisher (level 4, -2/41 HPs)
             Began as a Hill Orc Fighter on July 3, 2018.
             Slain by a centaur skeleton (6 damage)
             ... on level 2 of the Dungeon.
             The game lasted 00:05:52 (1166 turns).

wellist the Skirmisher (Hill Orc Fighter)           Turns: 1166, Time: 00:05:53

Health: -2/41      AC:  7    Str: 19    XL:     4   Next: 21%
Magic:  4/4        EV:  7    Int:  8    God:
Gold:   53         SH:  9    Dex: 10    Spells: 3/3 levels left

rFire    . . .     SeeInvis .   a - +0 war axe
rCold    . . .     Gourm    .   c - +0 shield
rNeg     . . .     Faith    .   b - +0 scale mail
rPois    .         Spirit   .   (no helmet)
rElec    .         Reflect  .   (no cloak)
rCorr    .         Harm     .   (no gloves)
MR       .....                  (no boots)
Stlth    ..........             (no amulet)
HPRegen  0.13/turn              (no ring)
MPRegen  0.09/turn              (no ring)

@: lethally poisoned (-2 -> -4)
A: no striking features
a: no special abilities


You were on level 2 of the Dungeon.
You were not hungry.

You visited 1 branch of the dungeon, and saw 2 of its levels.

You collected 53 gold pieces.

Inventory:

Hand Weapons
 a - a +0 war axe (weapon)
Missiles
 m - 4 tomahawks (quivered)
Armour
 b - a +0 scale mail (worn)
 c - a +0 shield (worn)
Scrolls
 e - a scroll of enchant armour {unknown}
 g - 3 scrolls of identify {unknown}
 k - a scroll of enchant weapon {unknown}
 n - a scroll of amnesia {unknown}
 q - a scroll of magic mapping {unknown}
Potions
 d - a potion of might
 h - a potion of resistance {unknown}
 i - a potion of haste {unknown}
 j - a potion of mutation {unknown}
 l - a potion of degeneration {unknown}
 p - 3 potions of curing {unknown}
Comestibles
 f - 2 rations
 o - a chunk of flesh


   Skills:
 * Level 4.4 Fighting
 * Level 3.7 Axes
 * Level 4.1 Armour
 + Level 3.6 Shields


You had 3 spell levels left.
You didn't know any spells.
Your spell library was empty.

Dungeon Overview and Level Annotations

Branches:
Dungeon (2/15)

Altars:


Message History

You hit the centaur skeleton.
The centaur skeleton is lightly damaged.
You feel sick.
You block the centaur skeleton's attack.
You hit the centaur skeleton but do no damage.
The centaur skeleton is lightly damaged.
The centaur skeleton barely misses you. x2
You hit the centaur skeleton.
The centaur skeleton is moderately damaged.
You feel sick. The centaur skeleton barely misses you.
The centaur skeleton hits you but does no damage.
You hit the centaur skeleton.
The centaur skeleton is heavily damaged.
The centaur skeleton hits you.
* * * LOW HITPOINT WARNING * * *
The centaur skeleton barely misses you.
You slash the centaur skeleton!
The centaur skeleton is almost destroyed.
You feel sick. The centaur skeleton hits you.
You die...

.....##.# .....##.#
#.......# ######..# #..#
### ##.###..# #..
........####.# # .
###........#.#####.#[...
#..##.##.#.##.@Zg.....
#.......##.#.##.##.#....
.....#####.........# .
.(.. #..######## ...
>....# . #####.# ... ...
.[...


You could see a hobgoblin and a centaur skeleton.

Vanquished Creatures
  A gnoll (D:1)
  An adder (D:2)
  2 oozes (D:1)
  2 dart slugs (D:1)
  2 leopard geckos (D:1)
  A ball python (D:1)
  A bat (D:2)
  A goblin (D:1)
  3 hobgoblins (D:1)
  12 jackals (D:1)
  3 kobolds (D:1)
  5 frilled lizards (D:1)
  A rat (D:1)
35 creatures vanquished.

Notes
Turn   | Place    | Note
-------+----------+-------------------------------------------
     0 | D:1      | wellist the Hill Orc Fighter began the quest for the Orb.
     0 | D:1      | Reached XP level 1. HP: 19/19 MP: 1/1
   161 | D:1      | Reached XP level 2. HP: 27/27 MP: 2/2
   516 | D:1      | Reached XP level 3. HP: 33/33 MP: 3/3
   797 | D:1      | Reached XP level 4. HP: 32/40 MP: 4/4
  1166 | D:2      | Slain by a centaur skeleton

Vault maps used:
D:1:      minmay_arrival_up_and_down
D:2:      led_sif_pool, cheibriados_altar_1

Skill      XL: |  1  2  3 |
---------------+----------+-----
Axes           | 3 |  3.7
Fighting       | 4 |  4.4
Armour         | 4 |  4.1
Shields        | |  3.6

Action                   |  1- 3 |  4- 6 || total
-------------------------+-------+-------++-------
Melee: War axe           |   122 |    37 ||   159
  Eat: Chunk             |       |     1 ||     1
Armor: Scale mail        |    54 |    20 ||    74
Dodge: Dodged            |    32 |    20 ||    52
Block: Shield            |    74 |    23 ||    97

Table legend:
 A = Spawn XP
 B = Non-spawn XP
 C = Spawn XP percentage of total XP
 D = Spawn monster count
 E = Non-spawn monster count
 F = Spawn count percentage of total count
 G = Total turns spent on level
                    A         B        C        D         E        F      G
               +---------+---------+-------+---------+---------+-------+---------
         Total |       0 |     100 |   0.0 |       0 |      35 |   0.0 |  1166
               +---------+---------+-------+---------+---------+-------+---------
           D:1 |       0 |      85 |   0.0 |       0 |      33 |   0.0 |  1061
           D:2 |       0 |      15 |   0.0 |       0 |       2 |   0.0 |   105
               +---------+---------+-------+---------+---------+-------+---------
